Map: [ESL] Solaris

Players

MeomaikA

  • Race: Zerg Zerg
  • Spawn Location: 1:00

Coffee - Winner!

  • Race: Terran Terran
  • Spawn Location: 7:00

Event: ESL SC2 Masters 2023 Winter (Regional)

VOD

Have the link to the VOD?

Description

Time

  • Played on: Nov. 11, 2023, 7:03 a.m.
  • Length: 4:51

All games in this series

Show
View Real Time Build Order
Export as new Build Order

MeomaikA Zerg 

Build Orders: Pool First 

Get SALT Encoding   

  12  0:00  Drone  
  13  0:12  Overlord  
  13  0:16  Drone  
  14  0:30  Drone  
  14  0:31  Drone  
  14  0:35  Drone  
  17  0:44  Spawning Pool  
  17  0:46  Drone  
  17  1:07  Hatchery  
  17  1:09  Drone  
  17  1:11  Extractor  
  17  1:14  Drone  
  17  1:18  Drone  
  18  1:28  Drone  
  18  1:30  Queen  
  21  1:38  Overlord  
  21  1:50  Drone  
  22  2:00  Drone  
  23  2:06  Queen  
  25  2:11  Drone  
  25  2:15  Metabolic Boost  
  26  2:19  Drone, Queen  
  26  2:21  Drone  
  30  2:30  Drone  
  30  2:33  Drone  
  32  2:38  Drone x3  
  32  2:41  Drone  
  36  2:51  Overlord  
  36  2:58  Spore Crawler  
  34  3:06  Drone x2  
  34  3:08  Overlord  
  37  3:14  Drone  
  37  3:19  Drone x2  
  41  3:20  Drone, Hatchery  
  41  3:24  Drone x2  
  42  3:27  Drone  
  42  3:28  Drone  
  42  3:31  Zergling x4  
  46  3:35  Zergling x2  
  46  3:39  Lair  
  47  3:42  Extractor  
  47  3:43  Zergling x2  
  47  3:44  Extractor  
  47  3:48  Zergling x4  
  48  4:00  Zergling x8  
  48  4:02  Overlord x3  
  52  4:09  Evolution Chamber  
  51  4:19  Overlord  
  51  4:21  Zergling x4  
  47  4:33  Zergling x10  
  47  4:34  Zergling x4  
Show
View Real Time Build Order
Export as new Build Order

Coffee Terran - Winner!

Build Orders: Gas First Reaper Expand, Hellion Banshee 

Get SALT Encoding   

  12  0:00  SCV  
  13  0:12  SCV  
  14  0:17  Supply Depot  
  14  0:24  SCV  
  14  0:27  Refinery  
  15  0:38  SCV  
  16  0:44  Barracks  
  16  0:50  SCV  
  17  1:02  SCV  
  18  1:15  SCV  
  19  1:31  Orbital Command, Reaper  
  20  1:41  Command Center  
  20  1:51  Factory  
  20  1:57  SCV  
  21  2:04  Supply Depot  
  21  2:05  Barracks Reactor  
  21  2:09  SCV  
  21  2:13  Refinery  
  22  2:21  SCV  
  23  2:33  SCV  
  24  2:43  Starport  
  24  2:45  Hellion x2, SCV  
  24  2:50  Marine  
  30  2:57  SCV  
  31  3:06  Hellion x2  
  31  3:07  Marine  
  31  3:12  Orbital Command  
  36  3:20  Medivac  
  36  3:25  Armory  
  36  3:26  Marine  
  39  3:35  Hellion x2  
  43  3:42  Supply Depot  
  43  3:45  Barracks Tech Lab  
  43  3:47  SCV  
  43  3:48  SCV  
  45  3:50  Starport Tech Lab  
  45  4:00  SCV  
  46  4:03  Hellion x2, SCV  
  46  4:08  Banshee  
  54  4:49  Supply Depot x2  
Tags
 
Add a new tag
Caveats
  • Supply blocks, unpowered buildings, or Contaminate may cause inaccurate times.
  • Supply counts are checked every 10 seconds.